 Dungeon Crawl Stone Soup version 0.32-a0-19-g28bc0835a1 (webtiles) character file.

Game seed: 15683349944289623814

12 Morbidden the Caller (level 2, 26/26 HPs)
             Began as a Troll Summoner on Jan 17, 2024.
             Was a Plaything of Xom.
             Quit the game on level 1 of the Dungeon.
             The game lasted 00:00:29 (117 turns).

Morbidden the Caller (Troll Summoner)                Turns: 117, Time: 00:00:30

Health: 26/26      AC:  4    Str: 15    XL:     2   Next: 20%
Magic:  1/2        EV:  9    Int: 11    God:    Xom [..*...]
Gold:   0          SH:  0    Dex: 10    Spells: 2/3 levels left

rFire   . . .        (no weapon)
rCold   . . .        (no shield)
rNeg    . . .        a - +0 robe
rPois   .            (helmet restricted)
rElec   .            (no cloak)
rCorr   .            (gloves unavailable)
SInv    .            (boots unavailable)
Will    .....        (no amulet)
Stlth   +            (no ring)
HPRegen 1.04/turn    (no ring)
MPRegen 0.08/turn

%: no passive effects
@: no status effects
A: large, unfitting armour, claws 3, regeneration 1, shaggy fur 1, tough skin 1
a: Renounce Religion


You were on level 1 of the Dungeon.
You worshipped Xom.
You were a toy of Xom.
You visited 1 branch of the dungeon, and saw 1 of its levels.

Inventory:

Missiles
 c - 3 stones
Armour
 a - a +0 robe (worn)
Potions
 b - a potion of magic
 d - a potion of haste {unknown}
 e - a potion of cancellation {unknown}


   Skills:
 * Level 0.6 Fighting
 * Level 1.5 Dodging
 + Level 1.0 Stealth
 * Level 0.4 Unarmed Combat
 * Level 1.3 Spellcasting
 * Level 3.1 Summonings


You had 2 spell levels left.
You knew the following spells:

 Your Spells              Type           Power      Damage    Failure   Level
a - Summon Small Mammal   Summ           28%        N/A       9%          1

Your spell library contained the following spells:

 Spells                   Type           Power      Damage    Failure   Level
 Call Imp                 Summ           14%        N/A       13%         2
 Static Discharge         Conj/Air       0%         3-3/arc   43%         2
 Call Canine Familiar     Summ           7%         N/A       26%         3
 Summon Blazeheart Golem  Fire/Summ      4%         N/A       85%         4
 Summon Lightning Spire   Summ/Air       4%         N/A       85%         4
 Airstrike                Air            0%         2d(0-16)  97%         4


Dungeon Overview and Level Annotations

Branches:
Dungeon (1/15)

Altars:
Xom


Innate Abilities, Weirdness & Mutations

You are too large for most types of armour.
You have claws for hands.
Your natural rate of healing is unusually fast.
You are covered in fur. (AC +1)
You have tough skin. (AC +1)


Message History

The jackal bites you. The jackal barely misses you.
The frilled lizard bites you but does no damage.
The jackal bites you but does no damage.
Unknown command.
You barely miss the jackal.
The jackal is almost dead.
The jackal bites you. x2
Your rat barely misses the frilled lizard.
The frilled lizard barely misses you.
Unknown command.
You barely miss the jackal.
The jackal is almost dead.
The jackal stops to sniff the ground.
The jackal bites you but does no damage. x2
Your rat bites the frilled lizard.
The frilled lizard dies!
Unknown command.
You scratch the jackal.
You kill the jackal!
The jackal barely misses you. x2
Unknown command.
Unknown command.
You barely miss the jackal. The jackal barely misses you.
Your rat barely misses the jackal.
You closely miss the jackal. The jackal bites you.
The jackal barely misses you.
Your rat bites the jackal but does no damage.
You barely miss the jackal.
The jackal bites you but does no damage.
Your rat bites the jackal.
You scratch the jackal.
You kill the jackal!
There is a faded altar of an unknown god here.
This altar belongs to (a) Makhleb, (b) Cheibriados or (c) Xom, but you can't tell which.
Press the corresponding letter to learn more about a god, or press enter to convert or escape to cancel.
Xom accepts your prayer! Xom welcomes you!
Xom is very intrigued!
Unknown command.
Press < or > to pray at altars.
Are you sure you want to abandon this character and quit the game? (Confirm with "yes".)

....⌠.......⌠......#
........⌠..........#
..................##
########.##########
#....#..........#
##....#..........#
.................#
#....).......#######
##..)†##...###..@..###
#....#..###....r....####
#....####...............
####....................
.................†###....
..........###....#..# #..
........###.....##....#
#.....###......## ......
####### ######## ......


You could see a friendly rat (summoned).

Vanquished Creatures
  A dart slug (D:1)
  A goblin (D:1)
  4 jackals (D:1)
  A frilled lizard (D:1)
  A kobold (D:1)
8 creatures vanquished.

Vanquished Creatures (collateral kills)
  A frilled lizard (D:1)
  A rat (D:1)
2 creatures vanquished.

Grand Total: 10 creatures vanquished

Notes
Turn   | Place    | Note
-------+----------+-------------------------------------------
     0 | D:1      | Morbidden the Troll Summoner began the quest for the Orb.
     0 | D:1      | Reached XP level 1. HP: 16/16 MP: 1/1
    26 | D:1      | Reached skill level 3 in Summonings
    76 | D:1      | Found a faded altar of an unknown god.
   103 | D:1      | Reached XP level 2. HP: 26/26 MP: 0/2
   116 | D:1      | Prayed at the altar of an unknown god.
   116 | D:1      | Became a worshipper of Xom of Chaos
   117 | D:1      | Quit the game

Illustrated notes

Levels and vault maps discovered:
D:1:      dpeg_arrival_lava_temple_mockup, layout_rooms,
          hellmonk_ecumenical_altar_zigzags

Skill      XL: |  1 |
---------------+----+-----
Summonings     | 3 |  3.1
Fighting       | |  0.6
Dodging        | |  1.5
Stealth        | |  1.0
Unarmed Combat | |  0.4
Spellcasting   | |  1.3

Action                     || total
---------------------------++-------
  Melee: Unarmed           ||    25
   Cast: Summon Small Mamm ||     1
 Armour: Robe              ||    23
  Dodge: Dodged            ||    19

Table legend: (Time is in decaauts)
 A = Elapsed time spent in this place.
 B = Non-inter-level travel time spent in this place.
 C = Inter-level travel time spent in this place.
 D = Time resting spent in this place.
 E = Time spent auto-exploring this place.
 F = Levels seen in this place.
 G = Mean time per level.
                   A        B        C        D        E       F      G
               +--------+--------+--------+--------+--------+-----+--------+
         Total |    117 |    117 |      0 |      0 |     59 |   1 |  117.0 |
       Dungeon |    117 |    117 |      0 |      0 |     59 |   1 |  117.0 |
               +--------+--------+--------+--------+--------+-----+--------+

Top non-repeatable levels by time:
     D:1: 117 daAuts
